 Dungeon Crawl Stone Soup version 0.17-a0-2073-gde5cdba (webtiles) character file.

27 ololoev the Skirmisher (level 3, -3/33 HPs)
             Began as a Hill Orc Fighter on Oct 15, 2015.
             Slain by an ogre
             ... wielding a +0 giant club
              (25 damage)
             ... on level 4 of the Dungeon.
             The game lasted 00:03:01 (353 turns).

ololoev the Skirmisher (Hill Orc Fighter)            Turns: 353, Time: 00:03:01

Health: -3/33      AC:  6    Str: 24    XL:     3   Next: 10%
Magic:  3/3        EV:  7    Int:  8    God:
Gold:   87         SH:  9    Dex: 10    Spells: 0 memorised, 2 levels left

rFire  . . .     SeeInvis .     a - +0 war axe
rCold  + . .     Clarity  .     b - +0 scale mail
rNeg   . . .     SustAt   .     c - +0 shield
rPois  .         Gourm    .     (no helmet)
rElec  .         Spirit   .     (no cloak)
rCorr  .         Warding  .     (no gloves)
rMut   .         Stasis   .     (no boots)
MR     .....                    (no amulet)
Stlth  ..........               (no ring)
                                m - ring of protection from cold

@: mighty, not resistant to hostile enchantments, extremely unstealthy
A: no striking features
a: no special abilities

Inventory:

Hand Weapons
 a - a +0 war axe (weapon)
Armour
 b - a +0 scale mail (worn)
 c - a +0 shield (worn)
Jewellery
 m - a ring of protection from cold (left hand)
Scrolls
 f - 2 scrolls of identify
 g - a scroll of fog
 j - a scroll of recharging
Potions
 d - 2 potions of might
 h - a potion of ambrosia
 i - a potion of heal wounds
 l - a potion of curing
Comestibles
 e - 2 bread rations
 k - a meat ration


   Skills:
 + Level 4.1 Fighting
 * Level 3.7 Axes
 + Level 3.5 Armour
 - Level 3.2 Shields


You had 2 spell levels left.
You didn't know any spells.


You were on level 4 of the Dungeon.
You were not hungry.

You visited 1 branch of the dungeon, and saw 4 of its levels.

You collected 87 gold pieces.

###... #..... .
###.#..### #.
........#
#..###.#..#%#
........(.<.#
............##
.............#
......)@O$...#
......).)....#
##.."o#....{.#
#....#?.....#
#... .........
#(.....#....###
#.. ...#......
... ...#..#.#.

Notes
Turn   | Place    | Note
--------------------------------------------------------------
     0 | D:1      | ololoev the Hill Orc Fighter began the quest for the Orb.
     0 | D:1      | Reached XP level 1. HP: 19/19 MP: 1/1
   107 | D:1      | Reached XP level 2. HP: 27/27 MP: 2/2
   343 | D:4      | Noticed an ogre
   352 | D:4      | Reached skill level 4 in Fighting
   353 | D:4      | Reached XP level 3. HP: 22/33 MP: 3/3
   353 | D:4      | Slain by an ogre

Dungeon Overview and Level Annotations

Branches:
Dungeon (4/15)
 Temple: D:4-7

Altars:


Message History

The ogre is moderately wounded.
You closely miss the orc. You block the orc's attack.
You block the ogre's attack. The orc hits you but does no damage.
An orc wizard comes into view. It is wielding a dagger.
Unknown command.
You barely miss the ogre.
The ogre is moderately wounded.
You hit the orc.
The orc is heavily wounded.
You block the orc's attack. The orc hits you but does no damage.
You block the ogre's attack.
The orc wizard casts a spell.
The orc wizard flickers and vanishes!
Deactivating autopickup; reactivate with Ctrl-A.
You slash the ogre!
The ogre is severely wounded.
You slash the orc!
You kill the orc!
Your Fighting skill increases to level 4!
You barely miss the orc.
The orc is heavily wounded.
You hit the orc.
The orc is moderately wounded.
You block the orc's attack. x2
The orc hits you with a club. You block the ogre's attack.
The orc closely misses you. x2
You barely miss the ogre.
The ogre is severely wounded.
You slash the orc!
You kill the orc!
You have reached level 3!
Your experience leads to an increase in your attributes!
Your base attributes are Str 18, Int 8, Dex 10.
Increase (S)trength, (I)ntelligence, or (D)exterity?
You feel stronger.
You slash the orc!
You kill the orc!
The ogre hits you with a giant club!!
Ouch! That really hurt!
You die...

You could see an ogre and an orc.

Vanquished Creatures
  A giant gecko (D:1)
  3 orcs (D:4)
  2 ball pythons (D:1)
  2 giant cockroaches
  3 hobgoblins (D:1)
  2 kobolds
  5 bats (D:1)
  2 giant newts
  A goblin (D:1)
21 creatures vanquished.

Action                   || total
-------------------------++-------
Melee: War axe           ||    54
  Use: Scroll            ||     5
       Potion            ||     1

Vault maps used:
D:1:      matt_arrival_spirals
D:4:      gup_sewer_entry_bubbles
